 Seeded DCSS version 0.27-a0-988-g25969acef8 (webtiles) character file.

Game seed: 5354474986860679511 (custom seed)

90 tardwrangler69 the Digger (level 4, 0/33 HPs)
             Began as a Draconian Earth Elementalist on Apr 15, 2021.
             Slain by a killer bee zombie (5 damage)
             ... on level 3 of the Dungeon.
             The game lasted 00:01:53 (2311 turns).

tardwrangler69 the Digger (DrEE)                    Turns: 2311, Time: 00:01:54

Health: 0/33       AC:  5    Str: 10    XL:     4   Next: 32%
Magic:  5/8        EV: 12    Int: 23    God:
Gold:   37         SH:  0    Dex: 11    Spells: 7/8 levels left

rFire    . . .     SeeInvis .   a - +0 short sword
rCold    . . .     Faith    .   (no shield)
rNeg     . . .     Spirit   .   (armour unavailable)
rPois    .         Reflect  .   (helmet restricted)
rElec    .         Harm     .   (no cloak)
rCorr    .         Rampage  .   (no gloves)
Will     .....                  (no boots)
Stlth    ++........             (no amulet)
HPRegen  0.11/turn              g - ring of wizardry
MPRegen  0.11/turn              m - +6 ring of intelligence

@: no status effects
A: AC +5, unfitting armour, cold-blooded
a: no special abilities


You were on level 3 of the Dungeon.
You visited 1 branch of the dungeon, and saw 3 of its levels.

You collected 79 gold pieces.
You spent 42 gold pieces at shops.

Inventory:

Hand Weapons
 a - a +0 short sword (weapon)
Missiles
 b - 73 stones
Jewellery
 g - a ring of wizardry (left hand)
 m - a +6 ring of intelligence (right hand)
Scrolls
 d - 2 scrolls of summoning {unknown}
 f - a scroll of amnesia {unknown}
 h - a scroll of teleportation
 k - a scroll of fear {unknown}
 l - a scroll of identify {unknown}
Potions
 c - a potion of might {unknown}
 e - a potion of attraction {unknown}
 i - 2 potions of curing {unknown}
 j - a potion of mutation {unknown}


   Skills:
 - Level 1.7 Dodging
 - Level 1.7 Stealth
 + Level 2.9 Spellcasting
 - Level 1.0 Transmutations
 * Level 4.6 Earth Magic


You had 7 spell levels left.
You knew the following spells:

 Your Spells              Type           Power      Damage    Failure   Level
a - Sandblast             Erth           48%        2d12      1%          1

Your spell library contained the following spells:

 Spells                   Type           Power      Damage    Failure   Level
 Passwall                 Tmut/Erth      13%        N/A       2%          2
 Stone Arrow              Conj/Erth      26%        3d8       6%          3
 Petrify                  Tmut/Erth      16%        N/A       16%         4
 Lee's Rapid Deconstruct  Erth           12%        3d9*      19%         5


Dungeon Overview and Level Annotations

Branches:
Dungeon (3/15)

Altars:

Shops:
D:1 ?[*:[


Innate Abilities, Weirdness & Mutations

Your plain brown scales are hard. (AC +5)
You cannot fit into any form of body armour.
You are cold-blooded and may be slowed by cold attacks.


Message History

The rat bites you.
* * * LOW HITPOINT WARNING * * *
You are too injured to fight recklessly!
You are too injured to fight recklessly!
You are too injured to fight recklessly!
You are too injured to fight recklessly!
You are too injured to fight recklessly!
You are too injured to fight recklessly!
You are too injured to fight recklessly!
You are too injured to fight recklessly!
You are too injured to fight recklessly!
You are too injured to fight recklessly!
You are too injured to fight recklessly!
You are too injured to fight recklessly!
You are too injured to fight recklessly!
You are too injured to fight recklessly!
You are too injured to fight recklessly!
You are too injured to fight recklessly!
Casting: Sandblast (safe; 1% risk of failure)
Confirm with . or Enter, or press ? or * to list all spells.
Aiming: Sandblast (safe; 1% risk of failure)
Press: ? - help, Shift-Dir - straight line, f - rat
Aim: a rat (81% to hit)
The blast of sand misses the rat.
Casting: Sandblast (safe; 1% risk of failure)
Confirm with . or Enter, or press ? or * to list all spells.
Aiming: Sandblast (safe; 1% risk of failure)
Press: ? - help, Shift-Dir - straight line, f/p - rat
Aim: a rat (81% to hit)
The blast of sand hits the rat!
You kill the rat!
Casting: Sandblast (safe; 1% risk of failure)
Confirm with . or Enter, or press ? or * to list all spells.
Aiming: Sandblast (safe; 1% risk of failure)
Press: ? - help, Shift-Dir - straight line, f - killer bee zombie
Aim: a killer bee zombie (moderately damaged, 73% to hit)
The blast of sand hits the killer bee zombie!
The killer bee zombie is severely damaged.
The killer bee zombie hits you.
You die...

##
########.##
........#.#
########.#
#Z# #@# #.#
#.# #.# #.#
#.# #.#
#.## #..#


You could see a killer bee zombie.

Vanquished Creatures
  2 adders (D:2)
  3 gnolls (D:2)
  A dart slug (D:1)
  4 ball pythons
  3 endoplasms
  2 giant cockroaches
  4 goblins
  3 hobgoblins
  6 jackals
  2 quokkas (D:2)
  2 bats (D:1)
  2 frilled lizards (D:1)
  4 kobolds
  A rat (D:3)
39 creatures vanquished.

Notes
Turn   | Place    | Note
-------+----------+-------------------------------------------
     0 | D:1      | tardwrangler69 the Draconian Earth Elementalist began the
                  | quest for the Orb.
     0 | D:1      | Reached XP level 1. HP: 14/14 MP: 3/3
   230 | D:1      | Reached XP level 2. HP: 10/20 MP: 1/5
   424 | D:1      | Found a faded altar of an unknown god.
   428 | D:1      | Found Zulah's Book Emporium.
   505 | D:1      | Found Fur Otun's Antique Armour Emporium.
   643 | D:1      | Found Byt Ame's Assorted Antiques.
   658 | D:1      | Found Vuaczesou's Antique Armour Boutique.
   875 | D:1      | Found Wazinelu's Magic Scroll Shop.
   979 | D:1      | Bought a scroll of teleportation for 42 gold pieces
  1143 | D:2      | Reached XP level 3. HP: 21/26 MP: 0/6
  1161 | D:2      | Reached skill level 4 in Earth Magic
  1823 | D:2      | Reached XP level 4. HP: 33/33 MP: 8/8
  2311 | D:3      | Slain by a killer bee zombie

Illustrated notes

Levels and vault maps discovered:
D:1:      evilmike_arrival_plus, layout_rooms, serial_shops, shop, shop_statue,
          shop, nicolae_shop_stone, shop, chequers_ecumenical_altar_simple
D:2:      layout_loops_ring
D:3:      layout_loops_ring, nicolae_overflow_hidden_temple,
          grunt_temple_overflow_open

Skill      XL: |  1  2  3 |
---------------+----------+-----
Earth Magic    | 4 |  4.6
Dodging        | |  1.7
Stealth        | |  1.7
Spellcasting   | |  2.9
Transmutations | |  1.0

Action                   |  1- 3 |  4- 6 || total
-------------------------+-------+-------++-------
Melee: Short sword       |    84 |    49 ||   133
       Unarmed           |     2 |       ||     2
       Tailslap          |     5 |     6 ||    11
 Cast: Sandblast         |    18 |     3 ||    21
 Stab: Sleeping          |     2 |     1 ||     3
Armor: Skin              |    42 |    13 ||    55
Dodge: Dodged            |    80 |    31 ||   111

Table legend: (Time is in decaauts)
 A = Elapsed time spent in this place.
 B = Non-inter-level travel time spent in this place.
 C = Inter-level travel time spent in this place.
 D = Time resting spent in this place.
 E = Time spent auto-exploring this place.
 F = Levels seen in this place.
 G = Mean time per level.
                   A        B        C        D        E       F      G
               +--------+--------+--------+--------+--------+-----+--------+
         Total |   2325 |   2260 |     65 |      5 |   1907 |   3 |  775.0 |
       Dungeon |   2325 |   2260 |     65 |      5 |   1907 |   3 |  775.0 |
               +--------+--------+--------+--------+--------+-----+--------+

Top non-repeatable levels by time:
     D:1: 1257 daAuts
     D:2: 1004 daAuts
     D:3: 63 daAuts
